 Dungeon Crawl Stone Soup version 0.22.1-2-g9c5b331383 (webtiles) character file.

63 Knicklaso the Sneak (level 3, -5/27 HPs)
             Began as a Vampire Assassin on Dec 12, 2018.
             Shot with an arrow by a centaur (11 damage)
             ... on level 2 of the Dungeon.
             The game lasted 00:03:10 (867 turns).

Knicklaso the Sneak (Vampire Assassin)               Turns: 867, Time: 00:03:11

Health: -5/27      AC:  6    Str: 10    XL:     3   Next: 87%
Magic:  3/3        EV: 11    Int: 13    God:
Gold:   69         SH:  0    Dex: 16    Spells: 2/2 levels left

rFire    . . .     SeeInvis +   i - +2 dagger (drain)
rCold    . . .     Gourm    .   (no shield)
rNeg     + . .     Faith    .   a - +0 ring mail
rPois    .         Spirit   .   (no helmet)
rElec    .         Reflect  .   d - +0 cloak
rCorr    .         Harm     .   (no gloves)
MR       .....                  (no boots)
Stlth    +++.......             (no amulet)
HPRegen  0.09/turn              (no ring)
MPRegen  0.08/turn              (no ring)

@: no status effects
A: fangs 3, see invisible, unbreathing
a: Bat Form


You were on level 2 of the Dungeon.
You were not thirsty.

You visited 1 branch of the dungeon, and saw 2 of its levels.

You collected 69 gold pieces.

Inventory:

Hand Weapons
 b - a +0 blowgun
 i - a +2 dagger of draining (weapon)
Missiles
 e - 8 poisoned needles
 f - 2 curare-tipped needles
Armour
 a - a +0 ring mail (worn)
 c - a +0 robe
 d - a +0 cloak (worn)
Scrolls
 k - a scroll of immolation {unknown}
 l - a scroll of identify {unknown}
 o - a scroll of random uselessness {unknown}
 p - a scroll of amnesia {unknown}
 q - a scroll of remove curse {unknown}
 r - a scroll of enchant weapon {unknown}
Potions
 g - 5 potions of blood
 h - a potion of heal wounds {unknown}
 j - a potion of agility {unknown}
 m - a potion of magic {unknown}
 n - 3 potions of ambrosia {unknown}


   Skills:
 + Level 2.2 Fighting
 * Level 3.4 Short Blades
 - Level 1.5 Throwing
 + Level 2.0 Dodging
 + Level 6.4 Stealth


You had 2 spell levels left.
You didn't know any spells.
Your spell library was empty.

Dungeon Overview and Level Annotations

Branches:
Dungeon (2/15)

Altars:


Innate Abilities, Weirdness & Mutations

You have razor-sharp teeth.
You have supernaturally acute eyesight. (SInv)
You can survive without breathing.


Message History

You see here a rat corpse.
A centaur comes into view.
The centaur moves out of view.
A worm and a kobold come into view.
The centaur shouts!
You hit the worm. You drain the worm!
The worm is heavily wounded.
The centaur unwields an uncursed dagger.
The centaur wields a shortbow.
The centaur shoots an arrow.
The arrow hits you. The worm closely misses you.
The kobold shouts!
You hit the worm. You drain the worm!
The worm is severely wounded.
The centaur drinks a potion.
The centaur seems to speed up.
You hit the worm. You drain the worm! You bite the worm.
You kill the worm!
The centaur shoots an arrow.
The arrow hits you!
* * * LOW HITPOINT WARNING * * *
The centaur shoots an arrow.
The arrow hits you!
You die...

#.....c....#
#..........#
#..........#
##..........#
...........## ........
#..........# ##......#
#..........#
.......####.....@K...#
.....>..##...........#
.<.......#...........#
.........#.#........##
.........#.##......##
.................###
..........##....##
.........##..####
.........#..##


You could see a centaur and a kobold.

Vanquished Creatures
  2 adders (D:2)
  A worm (D:2)
  2 dart slugs
  2 leopard geckos
  4 bats
  2 giant cockroaches
  5 goblins (D:1)
  2 hobgoblins
  6 jackals
  A quokka (D:2)
  2 kobolds (D:2)
  4 rats
33 creatures vanquished.

Notes
Turn   | Place    | Note
-------+----------+-------------------------------------------
     0 | D:1      | Knicklaso the Vampire Assassin began the quest for the Orb.
     0 | D:1      | Reached XP level 1. HP: 16/16 MP: 1/1
   288 | D:1      | Reached skill level 6 in Stealth
   292 | D:1      | Reached XP level 2. HP: 22/22 MP: 2/2
   728 | D:2      | Reached XP level 3. HP: 23/27 MP: 3/3
   857 | D:2      | Noticed a centaur
   867 | D:2      | Shot with an arrow by a centaur

Skill      XL: |  1  2  3 |
---------------+----------+-----
Stealth        | 6 |  6.4
Fighting       | 2 |  2.2
Short Blades   | 3 |  3.4
Dodging        | 2 |  2.0
Throwing       | |  1.5

Action                   || total
-------------------------++-------
Melee: Dagger            ||    82
       Bite              ||    10
 Stab: Sleeping          ||     6
       Distracted        ||     1
Armor: Robe              ||     3
       Ring mail         ||    24
Dodge: Dodged            ||    47
